 Dungeon Crawl Stone Soup version 0.30.1-4-g462c640d31 (webtiles) character file.

Game seed: 14895640034274066951

65 monsoonserge the Ruffian (level 3, 0/36 HPs)
             Began as a Troll Fighter on Sept 12, 2023.
             Slain by an orc
             ... wielding a +0 flail
              (8 damage)
             ... on level 3 of the Dungeon.
             The game lasted 00:02:48 (1225 turns).

monsoonserge the Ruffian (Troll Fighter)            Turns: 1225, Time: 00:02:48

Health: 0/36       AC:  4    Str: 24    XL:     3   Next: 94%
Magic:  2/2        EV:  8    Int:  6    God:
Gold:   87         SH:  7    Dex:  9    Spells: 2/2 levels left

rFire   . .          .
                       - Unarmed
rCold   . . .        b - +0 kite shield
rNeg    . . .        a - +0 robe
rPois   .            (helmet restricted)
rElec   .            (no cloak)
rCorr   .            (gloves unavailable)
SInv    .            (boots unavailable)
Will    .....        (no amulet)
Stlth   +            (no ring)
HPRegen 1.06/turn    (no ring)
MPRegen 0.08/turn

%: no passive effects
@: no status effects
A: large, unfitting armour, claws 3, regeneration 1, shaggy fur 1, tough skin 1
a: no special abilities


You were on level 3 of the Dungeon.
You visited 1 branch of the dungeon, and saw 3 of its levels.

You collected 87 gold pieces.

Inventory:

Missiles
 g - a throwing net (quivered)
Armour
 a - a +0 robe (worn)
 b - a +0 kite shield (worn)
Jewellery
 e - an amulet of regeneration
Scrolls
 d - a scroll of fear {unknown}
 f - a scroll of magic mapping {unknown}
 h - a scroll of brand weapon {unknown}
 i - a scroll of vulnerability {unknown}
 j - a scroll of poison {unknown}
 m - a scroll of immolation {unknown}
 n - a scroll of torment {unknown}
 o - a scroll of fog {unknown}
 s - a scroll of enchant weapon {unknown}
Potions
 c - 2 potions of might
 k - a potion of lignification {unknown}
 l - a potion of berserk rage {unknown}
 p - a potion of resistance {unknown}
 q - a potion of curing {unknown}
 r - a potion of heal wounds {unknown}


   Skills:
 + Level 2.9 Fighting
 - Level 2.4 Dodging
 + Level 3.2 Shields
 * Level 3.3 Unarmed Combat


You had 2 spell levels left.
You didn't know any spells.
Your spell library was empty.

Dungeon Overview and Level Annotations

Branches:
Dungeon (3/15)

Altars:


Innate Abilities, Weirdness & Mutations

You are too large for most types of armour.
You have claws for hands.
Your natural rate of healing is unusually fast.
You are covered in fur. (AC +1)
You have tough skin. (AC +1)


Message History

You block the adder's attack.
You miss the adder. The adder closely misses you.
You miss the adder. The adder bites you. The orc closely misses you.
The adder bites you.
You are poisoned.
The adder poisons you!
You miss the adder.
You feel sick. You block the adder's attack. The orc barely misses you.
You barely miss the adder.
You feel sick. The adder bites you but does no damage. The adder bites you.
You are more poisoned.
The adder poisons you!
You closely miss the adder.
You feel sick. You block the orc's attack. The orc hits you with a +0 club.
The adder bites you but does no damage. The orc hits you but does no damage.
You barely miss the adder.
You feel sick. The adder bites you. The orc hits you with a +0 mace.
The orc hits you but does no damage.
You claw the adder!
The adder is severely wounded.
You feel sick. The adder bites you but does no damage. The adder bites you.
The orc hits you with a +0 mace. The orc hits you with a +0 flail.
You claw the adder!
You kill the adder!
You feel sick. You block the orc's attack.
You scratch the orc but do no damage.
You feel sick. The orc hits you with a +0 mace.
The orc hits you but does no damage. The orc closely misses you.
You scratch the orc.
You kill the orc!
You feel sick. The orc hits you but does no damage. You block the orc's attack.
You scratch the orc but do no damage.
You feel sick.
You are no longer poisoned.
You block the orc's attack. The orc hits you with a +0 flail.
* * * LOW HITPOINT WARNING * * *
You scratch the orc but do no damage. The orc barely misses you.
You block the orc's attack.
You scratch the orc.
The orc is heavily wounded.
You block the orc's attack. The orc hits you with a +0 flail!
You die...

####### # ..
#.....#.##...
#....)#......
#....@o.$....
#....o#......
#.....# ..###
###.### ##
#.# #. #)# +
#. #.# #.#
####. #.# #.#
#.... ###.#
##.######
#.##.


You could see 2 orcs.

Vanquished Creatures
  2 adders
  A dart slug (D:2)
  An orc (D:3)
  5 ball pythons
  6 endoplasms
  A giant cockroach (D:1)
  4 goblins (D:1)
  3 hobgoblins
  2 jackals (D:2)
  3 kobolds
  2 quokkas (D:1)
  5 bats
  3 frilled lizards (D:1)
  4 rats (D:1)
42 creatures vanquished.

Notes
Turn   | Place    | Note
-------+----------+-------------------------------------------
     0 | D:1      | monsoonserge the Troll Fighter began the quest for the Orb.
     0 | D:1      | Reached XP level 1. HP: 22/22 MP: 0/0
   153 | D:1      | Reached XP level 2. HP: 29/29 MP: 1/1
   689 | D:2      | Reached XP level 3. HP: 36/36 MP: 2/2
  1225 | D:3      | Slain by an orc

Illustrated notes

Levels and vault maps discovered:
D:1:      ncdulo_wetmaze, layout_basic
D:2:      layout_rooms
D:3:      layout_loops_corners, okawaru_altar_gauntlet_db,
          corexii_item_surrounded_by_moat

Skill      XL: |  1  2  3 |
---------------+----------+-----
Shields        | 3 |  3.2
Unarmed Combat | 3 |  3.3
Fighting       | |  2.9
Dodging        | |  2.4

Action                     || total
---------------------------++-------
  Melee: Unarmed           ||    98
 Armour: Robe              ||    38
  Dodge: Dodged            ||    34
  Block: Kite shield       ||    52
